 Dungeon Crawl Stone Soup version 0.28-a0-384-g9e0c098162 (webtiles) character file.

Game seed: 13583357015972207468

63 dar the Grave Robber (level 3, -1/19 HPs)
             Began as a Vampire Necromancer on Sept 2, 2021.
             Was a Believer of Qazlal.
             Slain by a worm (11 damage)
             ... on level 2 of the Dungeon.
             The game lasted 00:09:53 (1918 turns).

dar the Grave Robber (Vampire Necromancer)          Turns: 1918, Time: 00:09:54

Health: -1/19      AC:  2    Str:  8    XL:     3   Next: 89%
Magic:  1/6        EV: 12    Int: 17    God:    Qazlal [**....]
Gold:   41         SH:  2    Dex: 14    Spells: 5/6 levels left

rFire   . . .      SeeInvis +   j - +2 dagger (venom)
rCold   + + .      Faith    .   (no shield)
rNeg    + + +      Spirit   .   a - +0 robe
rPois   ∞          Reflect  .   (no helmet)
rElec   .          Harm     .   (no cloak)
rCorr   .          Rampage  .   (no gloves)
Will    .....                   (no boots)
Stlth   ++++......              (no amulet)
HPRegen 0.00/turn               (no ring)
MPRegen 0.10/turn               (no ring)

@: bloodless, inhibited regen
A: bloodless, fangs 3, see invisible, vampiric 2
a: Bat Form, Revivify, Renounce Religion, Upheaval


You were on level 2 of the Dungeon.
You worshipped Qazlal.
Qazlal was pleased with you.
You visited 1 branch of the dungeon, and saw 2 of its levels.

You collected 41 gold pieces.

Inventory:

Hand Weapons
 j - a +2 dagger of venom (weapon)
Missiles
 e - 19 poisoned darts (quivered)
Armour
 a - a +0 robe (worn)
Scrolls
 b - a scroll of immolation {unknown}
 c - a scroll of torment {unknown}
 f - a scroll of blinking {unknown}
 g - a scroll of teleportation {unknown}
 h - a scroll of summoning {unknown}
Potions
 d - a potion of magic {unknown}
 i - a potion of flight {unknown}


   Skills:
 - Level 2.3 Dodging
 - Level 3.1 Stealth
 + Level 2.3 Spellcasting
 * Level 1.2 Conjurations
 + Level 5.2 Necromancy


You had 5 spell levels left.
You knew the following spells:

 Your Spells              Type           Power      Damage    Failure   Level
a - Pain                  Necr           76%        1d7       2%          1

Your spell library contained the following spells:

 Spells                   Type           Power      Damage    Failure   Level
 Animate Skeleton         Necr           38%        N/A       2%          1
 Vampiric Draining        Necr           9%         2d7       6%          3
 Sting                    Tmut/Pois      8%         1d3       19%         1
 Animate Dead             Necr           9%         N/A       22%         4
 Ensorcelled Hibernation  Hex/Ice        4%         N/A       28%         2
 Poisonous Vapours        Pois/Air       4%         N/A       28%         2
 Spider Form              Tmut/Pois      1%         N/A       50%         3
 Agony                    Necr           19%        N/A       52%         5
 Olgreb's Toxic Radiance  Pois           2%         N/A       88%         4
 Iskenderun's Battlesphe  Conj           6%         2d6       97%         5
 Iron Shot                Conj/Erth      2%         9d2       100%        6
 Spellforged Servitor     Conj/Summ      2%         N/A       100%        7


Dungeon Overview and Level Annotations

Branches:
Dungeon (2/15)

Altars:
Qazlal


Innate Abilities, Weirdness & Mutations

You do not regenerate when monsters are visible.
You are frail without blood (-20% HP).
You can heal yourself when you bite living creatures.
You are immune to poison.
You have razor-sharp teeth.
You have supernaturally acute eyesight. (SInv)
You are afflicted with vampirism and can become a bat while bloodless.


Message History

You kill the hobgoblin!
Qazlal accepts your kill.
A worm comes into view.
Casting: Pain (safe; 2% risk of failure)
Confirm with . or Enter, or press ? or * to list all spells.
Aiming: Pain (safe; 2% risk of failure)
Press: ? - help, Shift-Dir - straight line, f - worm
Aim: a worm (chance to affect: 84%)
The worm writhes in agony.
The worm bites you.
Casting: Pain (safe; 2% risk of failure)
Confirm with . or Enter, or press ? or * to list all spells.
Aiming: Pain (safe; 2% risk of failure)
Press: ? - help, Shift-Dir - straight line, f/p - worm
Aim: a worm (chance to affect: 84%)
The worm writhes in agony.
Casting: Pain (safe; 2% risk of failure)
Confirm with . or Enter, or press ? or * to list all spells.
Aiming: Pain (safe; 2% risk of failure)
Press: ? - help, Shift-Dir - straight line, f/p - worm
Aim: a worm (chance to affect: 84%)
The worm writhes in agony!
Casting: Pain (safe; 2% risk of failure)
Confirm with . or Enter, or press ? or * to list all spells.
You don't have enough magic to cast this spell.
Unknown command.
Casting: Pain (safe; 2% risk of failure)
Confirm with . or Enter, or press ? or * to list all spells.
You don't have enough magic to cast this spell.
Unknown command.
You hit the worm.
The worm is heavily wounded.
The worm bites you.
You barely miss the worm.
The worm is heavily wounded.
You hit the worm but do no damage.
The worm is heavily wounded.
The worm bites you!
Ouch! That really hurt!
You die...

# #.##.# .
#.#..#.# #.
#.##.#.## ..
#.......# .# . #
#.......# .# .## #
#.##.##.# .# ..# #
#.##....##.# #.#.#
#.#........###.#.#
#@#.#####........#
#.w.# #.###..###
###.# #.........
#.# #.###)#### ..#
#.# #.# ... ..#
#.# ... #### ...
#.#.# ... .# #...#
#


You could see a worm.

Vanquished Creatures
  2 adders (D:2)
  2 dart slugs
  3 endoplasms
  2 giant cockroaches
  4 goblins
  2 hobgoblins
  5 quokkas
  5 ball pythons
  2 bats (D:1)
  A frilled lizard (D:1)
  7 kobolds
  4 rats (D:1)
39 creatures vanquished.

Notes
Turn   | Place    | Note
-------+----------+-------------------------------------------
     0 | D:1      | dar the Vampire Necromancer began the quest for the Orb.
     0 | D:1      | Reached XP level 1. HP: 13/13 MP: 3/3
   467 | D:1      | Reached XP level 2. HP: 17/19 MP: 0/5
   557 | D:1      | Found a faded altar of an unknown god.
   581 | D:1      | Became a worshipper of Qazlal Stormbringer
   581 | D:1      | Reached * piety under Qazlal
   782 | D:1      | Reached skill level 5 in Necromancy
  1388 | D:1      | Gained mutation: You are afflicted with vampirism and can
                  | become a bat while bloodless. [Vampire growth]
  1388 | D:1      | Reached XP level 3. HP: 14/24 MP: 2/6
  1590 | D:2      | Reached skill level 1 in Conjurations
  1638 | D:2      | Reached ** piety under Qazlal
  1918 | D:2      | Slain by a worm

Illustrated notes

Levels and vault maps discovered:
D:1:      minmay_arrival_plants_in_alcoves, layout_basic,
          shapermc_ecumenical_altar_mp_highgroup
D:2:      layout_loops_cross, minmay_tetromino_i2

Skill      XL: |  1  2  3 |
---------------+----------+-----
Necromancy     | 5 |  5.2
Conjurations   | 1 |  1.2
Dodging        | |  2.3
Stealth        | |  3.1
Spellcasting   | |  2.3

Action                   || total
-------------------------++-------
Melee: Whip              ||    26
       Bite              ||     1
       Dagger            ||     7
 Cast: Pain              ||    71
 Abil: Exsanguinate      ||     1
Armor: Robe              ||    10
Dodge: Dodged            ||    34
Block: Other             ||     2

Table legend: (Time is in decaauts)
 A = Elapsed time spent in this place.
 B = Non-inter-level travel time spent in this place.
 C = Inter-level travel time spent in this place.
 D = Time resting spent in this place.
 E = Time spent auto-exploring this place.
 F = Levels seen in this place.
 G = Mean time per level.
                   A        B        C        D        E       F      G
               +--------+--------+--------+--------+--------+-----+--------+
         Total |   1919 |   1896 |     23 |    348 |   1227 |   2 |  959.5 |
       Dungeon |   1919 |   1896 |     23 |    348 |   1227 |   2 |  959.5 |
               +--------+--------+--------+--------+--------+-----+--------+

Top non-repeatable levels by time:
     D:1: 1447 daAuts
     D:2: 472 daAuts
